 Dungeon Crawl Stone Soup version 0.28-a0-561-gc72452776e (webtiles) character file.

Game seed: 2150694623072487678

15 KristoblXynda the Sneak (level 2, 0/29 HPs)
             Began as a Troll Delver on Sept 29, 2021.
             Succumbed to a killer bee's poison
             ... on level 5 of the Dungeon.
             The game lasted 00:00:26 (108 turns).

KristoblXynda the Sneak (Troll Delver)               Turns: 108, Time: 00:00:27

Health: 0/29       AC:  4    Str: 19    XL:     2   Next: 34%
Magic:  1/1        EV: 10    Int:  6    God:
Gold:   0          SH:  0    Dex: 11    Spells: 1/1 levels left

rFire   . . .      SeeInvis .     - Unarmed
rCold   . . .      Faith    .   (no shield)
rNeg    . . .      Spirit   .   a - +0 robe
rPois   .          Reflect  .   (helmet restricted)
rElec   .          Harm     .   (no cloak)
rCorr   .          Rampage  .   (gloves unavailable)
Will    .....                   (boots unavailable)
Stlth   ++........              (no amulet)
HPRegen 1.09/turn               (no ring)
MPRegen 0.07/turn               (no ring)

@: lethally poisoned (0 -> -2)
A: large, unfitting armour, claws 3, regeneration 1, shaggy fur 1, tough skin 1
a: no special abilities


You were on level 5 of the Dungeon.
You visited 1 branch of the dungeon, and saw 1 of its levels.

Inventory:

Armour
 a - a +0 robe (worn)
Wands
 f - a wand of digging (3)
Scrolls
 b - 2 scrolls of fog
 c - a scroll of magic mapping
Potions
 e - a potion of haste


   Skills:
 + Level 2.6 Fighting
 + Level 1.9 Dodging
 - Level 2.7 Stealth
 + Level 2.3 Unarmed Combat


You had one spell level left.
You didn't know any spells.
Your spell library was empty.

Dungeon Overview and Level Annotations

Branches:
Dungeon (5/15)
 Temple: D:4-7

Altars:


Innate Abilities, Weirdness & Mutations

You are too large for most types of armour.
You have claws for hands.
Your natural rate of healing is unusually fast.
You are covered in fur. (AC +1)
You have tough skin. (AC +1)


Message History

A killer bee comes into view.
The killer bee closely misses you.
A killer bee comes into view.
A yak comes into view.
The killer bee buzzes angrily.
You claw the killer bee!
The killer bee is heavily wounded.
The killer bee stings you but does no damage.
A killer bee comes into view.
The killer bee closely misses you.
You closely miss the killer bee.
The killer bee is heavily wounded.
The killer bee barely misses you. The adder bites you but does no damage.
The orc barely misses you.
The orc shouts!
The killer bee buzzes angrily.
You claw the killer bee!
The killer bee is heavily wounded.
You hear a bellow!
The adder bites you. The orc hits you with a +0 club.
The killer bee stings you!
You are poisoned.
The killer bee poisons you! The killer bee completely misses you.
The adder bites you but does no damage.
You feel very sick. The killer bee stings you.
You are more poisoned.
The killer bee poisons you! The orc hits you with a +0 club.
* * * LOW HITPOINT WARNING * * *
The killer bee misses you. The adder bites you but does no damage.
Unknown command.
As you read the scroll of fear, it crumbles to dust.
You assume a fearsome visage.
The orc looks frightened! x2
The yak looks frightened!
The killer bee looks frightened! x5
The adder looks frightened!
* * * LOW HITPOINT WARNING * * *
You feel very sick.
A killer bee comes into view.
Okay, then.
* * * LOW HITPOINT WARNING * * *
You feel very sick.
You die...

......##..#.###.........
.#....###.##.# ....... ..
##...[###....## .....##..
.#.#.#........###.........
.....#......>...##........
...................S.o....
...............##..y......
......#..(..........##
.....##.....##..@....#.#
..#.##...................o.
.....#.....................
.....#..................y..
##..###......##......y.Y#..
##.## ###....####>.....y# .
### ##...# ##........ ##..#
#........ #### ####..


You could see a yak (fleeing), 3 killer bees, an adder (fleeing) and an orc
(fleeing).

Vanquished Creatures
  A white imp (D:5)
  An ufetubus (D:5)
  An orc (D:5)
3 creatures vanquished.

Notes
Turn   | Place    | Note
-------+----------+-------------------------------------------
     0 | D:5      | KristoblXynda the Troll Delver began the quest for the Orb.
     0 | D:5      | Reached XP level 1. HP: 22/22 MP: 0/0
    54 | D:5      | Reached XP level 2. HP: 21/29 MP: 1/1
    98 | D:5      | Noticed a killer bee
   100 | D:5      | Noticed a killer bee
   101 | D:5      | Noticed a yak
   101 | D:5      | Noticed a killer bee
   101 | D:5      | Noticed a killer bee
   101 | D:5      | Noticed a yak
   102 | D:5      | Noticed a killer bee
   106 | D:5      | Noticed a killer bee
   107 | D:5      | HP: 1/29 [poisoned by a killer bee]
   108 | D:5      | Succumbed to a killer bee's poison

Illustrated notes

Levels and vault maps discovered:
D:5:      layout_cave_pools, minitemple, uniq_blork_the_orc,
          uniq_crazy_yiuf_cottage

Action                   || total
-------------------------++-------
Melee: Unarmed           ||    19
  Use: Scroll            ||     1
Armor: Robe              ||     9
Dodge: Dodged            ||    24

Table legend: (Time is in decaauts)
 A = Elapsed time spent in this place.
 B = Non-inter-level travel time spent in this place.
 C = Inter-level travel time spent in this place.
 D = Time resting spent in this place.
 E = Time spent auto-exploring this place.
 F = Levels seen in this place.
 G = Mean time per level.
                   A        B        C        D        E       F      G
               +--------+--------+--------+--------+--------+-----+--------+
         Total |    107 |    107 |      0 |     16 |     46 |   1 |  107.0 |
       Dungeon |    107 |    107 |      0 |     16 |     46 |   1 |  107.0 |
               +--------+--------+--------+--------+--------+-----+--------+

Top non-repeatable levels by time:
     D:5: 107 daAuts
